 Dungeon Crawl Stone Soup version 0.14-a0-1844-g8283a67 (webtiles) character file.

718 Armakuni the Magician (level 7, -1/38 HPs)
             Began as a Gargoyle Transmuter on Jan 12, 2014.
             Was an Initiate of Makhleb.
             Slain by an ogre
             ... wielding a +0,+0 giant club
              (16 damage)
             ... on Level 5 of the Dungeon.
             The game lasted 00:12:05 (3998 turns).

Armakuni the Magician (Gargoyle Transmuter)         Turns: 3998, Time: 00:12:06

HP  -1/38        AC  2     Str 14      XL: 7   Next: 38%
MP  11/17        EV 19     Int 15      God: Makhleb [......]
Gold 130         SH  0     Dex 15      Spells:  3 memorised,  6 levels left

rFire  . . .     SeeInvis .       - Unarmed
rCold  . . .     Clarity  .     c - melded +0 robe
rNeg   + . .     Conserve .     (shield currently unavailable)
rPois  +         rCorr    .     (helmet currently unavailable)
rElec  .         rRot     +     e - melded +0 cloak
SustAb + .       Spirit   .     (gloves currently unavailable)
rMut   .         Warding  .     (boots currently unavailable)
Saprov . . .     Stasis   .     R - amulet of rage
                                (no ring)
                                A - ring of sustain abilities

@: spider-form, very slightly contaminated, quick, slightly resistant to hostile
enchantments, unstealthy
A: life protection 1, (electricity resistance), (unbreathing), petrification
resistance, AC +4
a: End Transformation, Renounce Religion, Evoke Berserk Rage


You were on level 5 of the Dungeon.
You worshipped Makhleb.
Makhleb was noncommittal.
You were not hungry.
You were in spider-form.
You visited 1 branch of the dungeon, and saw 5 of its levels.

You collected 130 gold pieces.

Inventory:

Missiles
 b - 12 arrows
 h - 48 darts (quivered)
 m - 24 poisoned arrows
Armour
 c - a +0 robe (melded)
 e - a +0 cloak (melded)
Magical devices
 p - a wand of lightning (6)
Comestibles
 a - 4 bread rations
 o - a rotting chunk of worker ant flesh
 u - a meat ration
Scrolls
 f - a scroll of blinking {unknown}
 g - 7 scrolls of remove curse
 j - a scroll of identify
 q - a scroll of immolation {unknown}
 s - a scroll of magic mapping {unknown}
 v - a scroll of fear {unknown}
 w - 2 scrolls of teleportation {unknown}
 y - a scroll of random uselessness {unknown}
 B - a scroll of curse jewellery {unknown}
Jewellery
 k - an uncursed ring of ice
 A - a ring of sustain abilities (left front leg)
 R - an amulet of rage (around neck)
Potions
 i - a potion of brilliance
 l - a potion of speed
 n - a potion of flight {unknown}
 r - a potion of agility {unknown}
 t - 2 potions of heal wounds
 x - a potion of confusion {unknown}
 D - a potion of berserk rage {unknown}
Books
 d - a book of Changes

   Spells                             Type                      Level
   *Beastly Appendage                 Transmutation                1
   Sticks to Snakes                   Transmutation                2
   *Spider Form                       Transmutation/Poison         3
   *Ice Form                          Ice/Transmutation            4
   Blade Hands                        Transmutation                5


   Skills:
 - Level 1.1 Fighting
 - Level 1.5 Dodging
 - Level 3.2 Unarmed Combat
 + Level 4.2 Spellcasting
 - Level 3.3 Transmutations
 + Level 2.1 Ice Magic
 - Level 3.0 Poison Magic
 - Level 3.0 Evocations


You had 6 spell levels left.
You knew the following spells:

 Your Spells              Type           Power        Failure   Level  Hunger
h - Spider Form           Trmt/Pois      ##........   36%         3    ###....
n - Ice Form              Ice/Trmt       ##........   85%         4    ####...
z - Beastly Appendage     Trmt           ##....       17%         1    None


Dungeon Overview and Level Annotations

Branches:
Dungeon (5/16)
 Temple: D:4-7

Altars:
Elyvilon
Makhleb
Nemelex Xobeh
Okawaru
Trog


Innate Abilities, Weirdness & Mutations

You are resistant to torment.
You are immune to poison.
((Your stone body is very resilient (AC +4).))*
You resist negative energy.
((You are resistant to electric shocks.))*
((You can survive without breathing.))*
You are immune to petrification.


Message History

The goblin shouts!
The ogre closely misses you.
You hit the ogre.
The ogre is moderately wounded.
Your transformation has ended.
You fall off the wall.
Your +0 cloak unmelds from your body.
Your +0 robe unmelds from your body.
Casting: Spider Form
Confirm with . or Enter, or press ? or * to list all spells.
You miscast Spider Form.
You are very lightly contaminated with residual magic.
You feel mildly nauseous. The ogre barely misses you.
Unknown command.
Unknown command.
Casting: Spider Form
Confirm with . or Enter, or press ? or * to list all spells.
You turn into a venomous arachnid creature.
Your +0 cloak melds into your body.
Your +0 robe melds into your body.
The ogre hits you with a giant club!
You die...

..#####.##
..#......#
#.#......#
#.#......#
#.#.#....#
#####.._.....#
........#.#....###
......[.Og.......
.#######s.....###
#......#
#######......##
#...............
#......<..#####
#.........# #
#.........#
####.####.........#
.........##########


You could see an ogre and a goblin.

Vanquished Creatures
  The ghost of Gorice the Magician, a weakling DsWn (D:3)
  An orc wizard (D:3)
  6 worker ants
  A hound (D:4)
  A giant frog skeleton (D:5)
  2 scorpions (D:4)
  2 adders
  2 giant mites
  A worm (D:4)
  2 giant geckos (D:4)
  6 orcs
  3 ball pythons
  8 bats
  5 giant cockroaches
  8 hobgoblins
  3 jackals (D:3)
  4 training dummies (D:3)
  7 giant newts
  A giant spore (D:4)
  7 goblins
  8 kobolds
  2 quokkas (D:2)
  13 rats
  A ballistomycete (D:4)
95 creatures vanquished.

Notes
Turn   | Place    | Note
--------------------------------------------------------------
     0 | D:1      | Armakuni, the Gargoyle Transmuter, began the quest for the Orb.
     0 | D:1      | Reached XP level 1. HP: 12/12 MP: 3/3
    94 | D:1      | Reached XP level 2. HP: 14/16 MP: 2/4
   777 | D:2      | Reached XP level 3. HP: 8/20 MP: 6/6
  1079 | D:2      | Learned a level 3 spell: Spider Form
  1842 | D:3      | Reached XP level 4. HP: 23/25 MP: 3/9
  1846 | D:3      | Noticed Gorice's ghost (weakling DsWn)
  1982 | D:3      | Noticed a moth of wrath
  1984 | D:3      | Found a bloodstained altar of Trog.
  2232 | D:3      | Killed Gorice's ghost
  2232 | D:3      | Reached XP level 5. HP: 22/29 MP: 7/11
  2390 | D:3      | Found an iron altar of Okawaru.
  2437 | D:3      | Learned a level 4 spell: Ice Form
  2548 | D:3      | Reached skill level 1 in Evocations
  2715 | D:3      | Reached skill level 1 in Poison Magic
  3187 | D:4      | Reached XP level 6. HP: 34/34 MP: 13/13
  3232 | D:4      | Found a sparkling altar of Nemelex Xobeh.
  3454 | D:4      | Found a white marble altar of Elyvilon.
  3584 | D:4      | Reached XP level 7. HP: 32/38 MP: 13/15
  3604 | D:4      | Reached skill level 1 in Ice Magic
  3712 | D:4      | Reached skill level 4 in Spellcasting
  3951 | D:5      | Entered Level 5 of the Dungeon
  3951 | D:5      | Found a burning altar of Makhleb.
  3990 | D:5      | Became a worshipper of Makhleb the Destroyer
  3998 | D:5      | Slain by an ogre

Action                   |  1- 3 |  4- 6 |  7- 9 || total
-------------------------+-------+-------+-------++-------
Melee: Unarmed           |   149 |   206 |    60 ||   415
Throw: Dart              |       |     1 |       ||     1
 Cast: Beastly Appendage |    22 |    20 |     2 ||    44
       Spider Form       |     1 |     5 |     5 ||    11
 Abil: End Transformatio |       |     3 |     2 ||     5
       Evoke Berserk Rag |       |     1 |       ||     1
  Use: Scroll            |       |     6 |       ||     6
